 Dungeon Crawl Stone Soup version 0.27-a0-1416-g941b2bd30b (webtiles) character file.

Game seed: 6062290889470926955

5636 night the Destroyer (level 10, -1/74 HPs)
             Began as a Gnoll Conjurer on July 1, 2021.
             Was a High Priest of Cheibriados.
             Killed by the air
             ... invoked by Gastronok
              (29 damage)
             ... on level 9 of the Dungeon.
             The game lasted 00:18:07 (8332 turns).

night the Destroyer (Gnoll Conjurer)                Turns: 8332, Time: 00:18:08

Health: -1/74      AC:  8    Str: 21    XL:     10   Next: 74%
Magic:  15/21      EV: 18    Int: 35    God:    Cheibriados [*****.]
Gold:   336        SH:  0    Dex: 24    Spells: 12/24 levels left

rFire    + . .     SeeInvis .   e - +8 arc blade {discharge, rElec}
rCold    . . .     Faith    .   (no shield)
rNeg     . . .     Spirit   .   o - +2 robe {Will+}
rPois    .         Reflect  .   (no helmet)
rElec    +         Harm     .   x - +1 cloak
rCorr    .         Rampage  .   O - +0 pair of gloves
Will     +....                  (no boots)
Stlth    ++++......             m - amulet of magic regeneration
HPRegen  0.22/turn              i - ring of protection from fire
MPRegen  0.42/turn              (no ring)

@: very slow
A: fangs 1, strong nose, distributed training
a: Renounce Religion, Bend Time, Temporal Distortion, Slouch, Step From Time


You were on level 9 of the Dungeon.
You worshipped Cheibriados.
Cheibriados was extremely pleased with you.
You visited 2 branches of the dungeon, and saw 10 of its levels.

You collected 378 gold pieces.
You spent 42 gold pieces at shops.

Inventory:

Hand Weapons
 b - a +0 trident
 e - the +8 arc blade (weapon) {discharge, rElec}
   (You acquired it on level 3 of the Dungeon)

   rElec:     It insulates you from electricity.
 J - a +2 whip of electrocution
 L - a +4 morningstar of venom
 R - a +0 broad axe
Missiles
 c - 252 stones (quivered)
 g - 112 bolts
 j - 143 arrows
 p - 43 poisoned darts
 s - 4 curare-tipped darts
 t - 14 sling bullets
 z - 8 atropa-tipped darts
 M - 5 javelins
Armour
 a - a +0 robe
 o - a +2 robe of willpower (worn)
 x - a +1 cloak (worn)
 O - a +0 pair of gloves (worn)
Magical Staves
 l - a staff of fire
 v - a staff of conjuration
Jewellery
 i - a ring of protection from fire (left hand)
 m - an amulet of magic regeneration (around neck)
Wands
 k - a wand of iceblast (4)
 n - a wand of flame (50)
 F - a wand of polymorph (19)
 K - a wand of acid (3)
 N - a wand of mindburst (15)
Scrolls
 h - 2 scrolls of fear
 u - 2 scrolls of magic mapping
 y - 3 scrolls of identify
 Q - 2 scrolls of fog
Potions
 d - 3 potions of magic
 f - 2 potions of mutation
 q - 2 potions of haste
 r - a potion of invisibility {unknown}
 w - 3 potions of might {unknown}
 A - 2 potions of lignification {unknown}
 B - a potion of heal wounds
 C - a potion of flight {unknown}
 D - 3 potions of curing
 E - a potion of cancellation {unknown}
 G - a potion of resistance {unknown}
 H - a potion of attraction {unknown}
 I - 3 potions of ambrosia {unknown}
 P - a potion of berserk rage {unknown}


   Skills:
 + Level 5.5 Fighting
 + Level 5.5 Short Blades
 + Level 5.5 Long Blades
 + Level 5.5 Axes
 + Level 5.5 Maces & Flails
 + Level 5.5 Polearms
 + Level 5.5 Staves
 + Level 5.5 Slings
 + Level 5.5 Bows
 + Level 5.5 Crossbows
 + Level 5.5 Throwing
 + Level 5.5 Armour
 + Level 7.3 Dodging
 + Level 7.0 Stealth
 + Level 5.5 Shields
 + Level 5.5 Unarmed Combat
 + Level 7.5 Spellcasting
 + Level 8.5 Conjurations
 + Level 4.6 Hexes
 + Level 4.6 Summonings
 + Level 4.6 Necromancy
 + Level 4.6 Translocations
 + Level 4.6 Transmutations
 + Level 4.6 Fire Magic
 + Level 4.6 Ice Magic
 + Level 4.6 Air Magic
 + Level 4.6 Earth Magic
 + Level 4.6 Poison Magic
 + Level 6.1 Invocations
 + Level 5.5 Evocations


You had 12 spell levels left.
You knew the following spells:

 Your Spells              Type           Power      Damage    Failure   Level
a - Magic Dart            Conj           100%       1d8       1%          1
b - Searing Ray           Conj           100%       3d7       1%          2
c - Iskenderun's Battles  Conj           65%        2d11      2%          5
d - Iskenderun's Mystic   Conj/Tloc      56%        2d12      2%          4

Your spell library contained the following spells:

 Spells                   Type           Power      Damage    Failure   Level
 Sting                    Tmut/Pois      100%       1d8       1%          1
 Poisonous Vapours        Pois/Air       90%        N/A       1%          2
 Slow                     Hex            45%        N/A       1%          2
 Sublimation of Blood     Necr           22%        N/A       1%          2
 Wereblood                Tmut           45%        N/A       1%          2
 Call Canine Familiar     Summ           45%        N/A       1%          3
 Confusing Touch          Hex            45%        N/A       1%          3
 Conjure Flame            Conj/Fire      56%        6-21      1%          3
 Dazzling Flash           Conj/Hex       100%       N/A       1%          3
 Ignite Poison            Fire/Tmut/Pois 45%        N/A       1%          3
 Ozocubu's Armour         Ice            45%        N/A       1%          3
 Portal Projectile        Hex/Tloc       90%        N/A       1%          3
 Vampiric Draining        Necr           22%        2d9       1%          3
 Fulminant Prism          Conj/Hex       28%        3d14      2%          4
 Sticky Flame             Conj/Fire      56%        2d7       2%          4
 Leda's Liquefaction      Hex/Erth       22%        N/A       4%          4
 Olgreb's Toxic Radiance  Pois           45%        N/A       4%          4
 Petrify                  Tmut/Erth      45%        N/A       4%          4
 Summon Lightning Spire   Summ/Air       45%        N/A       4%          4
 Yara's Violent Unravell  Hex/Tmut       22%        3d10      13%         5
 Iron Shot                Conj/Erth      28%        9d6       32%         6
 Spellforged Servitor     Conj/Summ      28%        N/A       88%         7
 Ozocubu's Refrigeration  Ice            22%        4d9       99%         7
 Storm Form               Tmut/Air       22%        N/A       99%         7
 Summon Hydra             Summ           22%        N/A       99%         7
 Maxwell's Capacitive Co  Air            22%        ∞         100%        8
 Chain Lightning          Conj/Air       28%        3d37      100%        9
 Fire Storm               Conj/Fire      28%        8d7       100%        9
 Polar Vortex             Ice            22%        N/A       100%        9


Dungeon Overview and Level Annotations

Branches:
Dungeon (9/15)             Temple (1/1) D:5
   Lair: D:8-11         Orc: D:9-12

Altars:
Ashenzari
Cheibriados
Dithmenos
Elyvilon
Fedhas
Gozag
Hepliaklqana
Kikubaaqudgha
Makhleb
Nemelex Xobeh
Okawaru
Qazlal
Trog
Uskayaw
Wu Jian
Yredelemnul
Zin
The Shining One
Lugonu

Shops:
D:8 !

Annotations:
D:9 Gastronok


Innate Abilities, Weirdness & Mutations

You have very sharp teeth.
Your uncanny sense of smell can sniff out nearby items.
Your experience applies equally to all skills.


Message History

Confirm with . or Enter, or press ? or * to list all spells.
Aiming: Searing Ray (safe; 1% risk of failure)
Press: ? - help, Shift-Dir - straight line, f - Gastronok
Aim: Gastronok, wearing a +0 hat (100% to hit)
The searing ray hits Gastronok!
Gastronok is lightly wounded. (Press . to maintain the ray.)
The searing ray hits Gastronok!
Gastronok is moderately wounded.
The searing ray hits Gastronok!
Gastronok is moderately wounded.
The searing ray hits Gastronok!
Gastronok is moderately wounded.
You finish channeling your searing ray.
Gastronok waves his eye-stalks in wide circles.
The air twists around and strikes you!!
Casting: Searing Ray (safe; 1% risk of failure)
Confirm with . or Enter, or press ? or * to list all spells.
Aiming: Searing Ray (safe; 1% risk of failure)
Press: ? - help, Shift-Dir - straight line, f/p - Gastronok
Aim: Gastronok, wearing a +0 hat (moderately wounded, 100% to hit)
The searing ray hits Gastronok!
Gastronok is heavily wounded. (Press . to maintain the ray.)
The searing ray hits Gastronok!
Gastronok is heavily wounded.
The searing ray hits Gastronok!
Gastronok is heavily wounded.
The searing ray hits Gastronok!
Gastronok is severely wounded.
You finish channeling your searing ray.
Gastronok waves his eye-stalks in wide circles.
The air twists around and strikes you!!
You puncture Gastronok!
Gastronok is severely wounded.
You hit Gastronok but do no damage.
Gastronok is severely wounded.
Gastronok waves his eye-stalks in wide circles.
The air twists around and strikes you!!
You die...

.#.......#...# ###'#.#.###.#
.#....####...# #...).#...#.#
......# ##..# #..)))###.#.#
.#....# #..###.........#.#
.####.#####......#'#######.#
.##.........>###.#.........#
###.#..........#.###########
###.##########.#.#
...............#@#
.##.############w# .##.# #.#
.##.# #.# .##.# #.# .##<#
#.# .##.# ... .##.# .##
.##.#


You could see Gastronok.

Vanquished Creatures
  Pikel (D:8)
  Maurice (D:8)
  Prince Ribbit (D:8)
  Sigmund (D:2)
  4 hogs (D:8)
  A human (D:8)
  2 wyverns
  A sky beast (D:5)
  2 water moccasins
  An ice beast (D:7)
  A black bear (D:8)
  A hornet zombie (D:9)
  A necrophage (D:8)
  5 ogres
  3 centaurs
  3 phantoms
  4 lemures (D:8)
  2 kobold brigands
  A bullfrog (D:7)
  A water moccasin zombie (D:5)
  6 killer bees (D:8)
  14 wights
  4 howler monkeys
  4 hounds
  A centaur zombie (D:8)
  2 orc priests
  Crazy Yiuf (D:3)
  2 centaur skeletons
  An iguana (D:6)
  Jessica (D:2)
  Ijyb (D:6)
  A scorpion zombie (D:5)
  3 orc wizards
  A killer bee zombie (D:9)
  A hound skeleton (D:4)
  7 gnolls
  7 adders
  A shadow imp (D:8)
  An ufetubus (D:6)
  13 orcs
  6 ball pythons
  7 endoplasms
  5 giant cockroaches
  9 goblins
  9 hobgoblins
  4 jackals (D:3)
  18 kobolds
  5 quokkas
  5 bats
  A frilled lizard (D:1)
  A quokka skeleton (D:4)
  3 rats
182 creatures vanquished.

Vanquished Creatures (others)
  4 toadstools (D:1)
4 creatures vanquished.

Grand Total: 186 creatures vanquished

Notes
Turn   | Place    | Note
-------+----------+-------------------------------------------
     0 | D:1      | night the Gnoll Conjurer began the quest for the Orb.
     0 | D:1      | Reached XP level 1. HP: 13/13 MP: 6/6
   239 | D:1      | Reached XP level 2. HP: 19/19 MP: 5/7
   396 | D:1      | Found a faded altar of an unknown god.
   415 | D:1      | Became a worshipper of Cheibriados the Contemplative
   415 | D:1      | Reached * piety under Cheibriados
   572 | D:1      | Learned a level 2 spell: Searing Ray
   688 | D:1      | Reached XP level 3. HP: 25/25 MP: 3/9
   776 | D:1      | Reached skill level 5 in Spellcasting
  1033 | D:2      | Noticed Jessica
  1035 | D:2      | Killed Jessica
  1036 | D:2      | Reached skill level 1 in Fighting
  1036 | D:2      | Reached skill level 1 in Short Blades
  1036 | D:2      | Reached skill level 1 in Long Blades
  1036 | D:2      | Reached skill level 1 in Axes
  1036 | D:2      | Reached skill level 1 in Maces & Flails
  1036 | D:2      | Reached skill level 1 in Polearms
  1036 | D:2      | Reached skill level 1 in Staves
  1036 | D:2      | Reached skill level 1 in Slings
  1036 | D:2      | Reached skill level 1 in Bows
  1036 | D:2      | Reached skill level 1 in Crossbows
  1036 | D:2      | Reached skill level 1 in Throwing
  1036 | D:2      | Reached skill level 1 in Armour
  1036 | D:2      | Reached skill level 1 in Shields
  1036 | D:2      | Reached skill level 1 in Unarmed Combat
  1036 | D:2      | Reached skill level 1 in Invocations
  1036 | D:2      | Reached skill level 1 in Evocations
  1120 | D:2      | Reached XP level 4. HP: 32/32 MP: 9/11
  1232 | D:2      | Reached ** piety under Cheibriados
  1351 | D:2      | Reached skill level 1 in Hexes
  1351 | D:2      | Reached skill level 1 in Summonings
  1351 | D:2      | Reached skill level 1 in Necromancy
  1351 | D:2      | Reached skill level 1 in Translocations
  1351 | D:2      | Reached skill level 1 in Transmutations
  1351 | D:2      | Reached skill level 1 in Fire Magic
  1351 | D:2      | Reached skill level 1 in Ice Magic
  1351 | D:2      | Reached skill level 1 in Air Magic
  1351 | D:2      | Reached skill level 1 in Earth Magic
  1351 | D:2      | Reached skill level 1 in Poison Magic
  1643 | D:2      | Noticed Sigmund
  1646 | D:2      | Killed Sigmund
  1647 | D:2      | Reached skill level 2 in Invocations
  1647 | D:2      | Reached XP level 5. HP: 38/38 MP: 7/12
  1647 | D:2      | Reached XP level 6. HP: 44/44 MP: 7/13
  2306 | D:3      | Learned a level 5 spell: Iskenderun's Battlesphere
  2578 | D:3      | Reached skill level 5 in Dodging
  2680 | D:3      | Noticed Ijyb
  2806 | D:3      | Found a runed translucent door.
  2867 | D:3      | Noticed Crazy Yiuf
  2872 | D:3      | Killed Crazy Yiuf
  2873 | D:3      | Reached skill level 2 in Fighting
  2873 | D:3      | Reached skill level 2 in Short Blades
  2873 | D:3      | Reached skill level 2 in Long Blades
  2873 | D:3      | Reached skill level 2 in Axes
  2873 | D:3      | Reached skill level 2 in Maces & Flails
  2873 | D:3      | Reached skill level 2 in Polearms
  2873 | D:3      | Reached skill level 2 in Staves
  2873 | D:3      | Reached skill level 2 in Slings
  2873 | D:3      | Reached skill level 2 in Bows
  2873 | D:3      | Reached skill level 2 in Crossbows
  2873 | D:3      | Reached skill level 2 in Throwing
  2873 | D:3      | Reached skill level 2 in Armour
  2873 | D:3      | Reached skill level 2 in Shields
  2873 | D:3      | Reached skill level 2 in Unarmed Combat
  2873 | D:3      | Reached skill level 2 in Evocations
  3090 | D:3      | Reached *** piety under Cheibriados
  3137 | D:3      | Found a glowing silver altar of Zin.
  3161 | D:3      | Identified a scroll of acquirement
  3161 | D:3      | Acquired the +8 arc blade {discharge, rElec}
  3162 | D:3      | Found the +8 arc blade {discharge, rElec}
  3186 | D:4      | Found an ornate altar of the Wu Jian Council.
  3187 | D:4      | Found a broken altar of Ashenzari.
  3381 | D:4      | Found a hazy altar of Hepliaklqana.
  3484 | D:4      | Learned a level 3 spell: Call Canine Familiar
  3550 | D:4      | Found a sparkling altar of Nemelex Xobeh.
  3889 | D:4      | Reached XP level 7. HP: 50/50 MP: 15/15
  3901 | D:4      | Reached skill level 2 in Hexes
  3901 | D:4      | Reached skill level 2 in Summonings
  3901 | D:4      | Reached skill level 2 in Necromancy
  3901 | D:4      | Reached skill level 2 in Translocations
  3901 | D:4      | Reached skill level 2 in Transmutations
  3901 | D:4      | Reached skill level 2 in Fire Magic
  3901 | D:4      | Reached skill level 2 in Ice Magic
  3901 | D:4      | Reached skill level 2 in Air Magic
  3901 | D:4      | Reached skill level 2 in Earth Magic
  3901 | D:4      | Reached skill level 2 in Poison Magic
  4089 | D:5      | Entered Level 5 of the Dungeon
  4096 | D:5      | Reached skill level 5 in Stealth
  4104 | D:4      | Reached XP level 8. HP: 21/57 MP: 8/16
  4302 | D:5      | Learned a level 4 spell: Iskenderun's Mystic Blast
  4354 | D:5      | Reached **** piety under Cheibriados
  4401 | D:5      | Found a staircase to the Ecumenical Temple.
  4415 | Temple   | Entered the Ecumenical Temple
  4698 | D:5      | Found an iron altar of Okawaru.
  4962 | D:6      | Killed Ijyb
  5154 | D:6      | Reached XP level 9. HP: 65/65 MP: 10/18
  5623 | D:7      | Found a white marble altar of Elyvilon.
  5823 | D:7      | Found a blossoming altar of Fedhas.
  5896 | D:7      | Reached skill level 8 in Conjurations
  5946 | D:7      | Reached ***** piety under Cheibriados
  6138 | D:8      | Found Heshrue's Distillery.
  6181 | D:8      | Bought a potion of curing for 42 gold pieces
  6231 | D:8      | Noticed Maurice
  6236 | D:8      | Killed Maurice
  6245 | D:8      | Reached skill level 5 in Invocations
  6579 | D:8      | Noticed Pikel
  6584 | D:8      | Killed Pikel
  6585 | D:8      | Reached skill level 5 in Fighting
  6585 | D:8      | Reached skill level 5 in Short Blades
  6585 | D:8      | Reached skill level 5 in Long Blades
  6585 | D:8      | Reached skill level 5 in Axes
  6585 | D:8      | Reached skill level 5 in Maces & Flails
  6585 | D:8      | Reached skill level 5 in Polearms
  6585 | D:8      | Reached skill level 5 in Staves
  6585 | D:8      | Reached skill level 5 in Slings
  6585 | D:8      | Reached skill level 5 in Bows
  6585 | D:8      | Reached skill level 5 in Crossbows
  6585 | D:8      | Reached skill level 5 in Throwing
  6585 | D:8      | Reached skill level 5 in Armour
  6585 | D:8      | Reached skill level 5 in Shields
  6585 | D:8      | Reached skill level 5 in Unarmed Combat
  6585 | D:8      | Reached skill level 5 in Evocations
  6585 | D:8      | Reached XP level 10. HP: 74/74 MP: 3/20
  6885 | D:8      | Noticed Prince Ribbit
  6888 | D:8      | Killed Prince Ribbit
  7732 | D:9      | Found a glowing golden altar of the Shining One.
  8138 | D:9      | Found a burning altar of Makhleb.
  8320 | D:9      | Noticed Gastronok
  8332 | D:9      | Killed from afar by Gastronok

Illustrated notes

Levels and vault maps discovered:
D:1:      ldierk_water_garden, layout_rooms,
          hellmonk_ecumenical_altar_heavens_door
D:2:      layout_basic, minmay_tetromino_i2, uniq_sigmund, uniq_jessica
D:3:      layout_loops_ring, marbit_many_paths, chequers_serial_rivers_micro_c,
          uniq_ijyb, uniq_crazy_yiuf_cottage
D:4:      layout_basic, kennysheep_mini_moat, lemuel_crystal_altar,
          nicolae_hepliaklqana_hazy_memory, lemuel_crystal_altar,
          minmay_increasing_density
D:5:      layout_cave_pools, okawaru_trees_2, minmay_temple_entry_stoned_glass
D:6:      layout_loops_ring
D:7:      layout_rooms, overflow_temple_1_default, lemuel_crystal_altar,
          chequers_serial_rivers_micro_c
D:8:      layout_basic, serial_shops, nicolae_shop_stone, roderic_roman_lattice,
          st_stairs_1, kennysheep_nondescript, grunt_livestock, uniq_pikel,
          uniq_maurice, uniq_prince_ribbit1
D:9:      layout_basic, old_standard_altar, lightli_temple_of_fire, tso_altar,
          uniq_gastronok
Temple:   corrupted_temple

Skill      XL: |  1  2  3  4  5  6  7  8  9 10 |
---------------+-------------------------------+-----
Spellcasting   | 5 6 7 |  7.5
Fighting       | 1 2 3 5 |  5.5
Short Blades   | 1 2 3 5 |  5.5
Long Blades    | 1 2 3 5 |  5.5
Axes           | 1 2 3 5 |  5.5
Maces & Flails | 1 2 3 5 |  5.5
Polearms       | 1 2 3 5 |  5.5
Staves         | 1 2 3 5 |  5.5
Slings         | 1 2 3 5 |  5.5
Bows           | 1 2 3 5 |  5.5
Crossbows      | 1 2 3 5 |  5.5
Throwing       | 1 2 3 5 |  5.5
Armour         | 1 2 3 5 |  5.5
Shields        | 1 2 3 5 |  5.5
Unarmed Combat | 1 2 3 5 |  5.5
Invocations    | 1 2 3 4 5 6 |  6.1
Evocations     | 1 2 3 5 |  5.5
Hexes          | 1 2 3 4 |  4.6
Summonings     | 1 2 3 4 |  4.6
Necromancy     | 1 2 3 4 |  4.6
Translocations | 1 2 3 4 |  4.6
Transmutations | 1 2 3 4 |  4.6
Fire Magic     | 1 2 3 4 |  4.6
Ice Magic      | 1 2 3 4 |  4.6
Air Magic      | 1 2 3 4 |  4.6
Earth Magic    | 1 2 3 4 |  4.6
Poison Magic   | 1 2 3 4 |  4.6
Dodging        | 5 6 7 |  7.3
Stealth        | 5 6 7 |  7.0
Conjurations   | 8 |  8.5

Action                   |  1- 3 |  4- 6 |  7- 9 | 10-12 || total
-------------------------+-------+-------+-------+-------++-------
Melee: Trident           |     8 |     8 |       |       ||    16
       Rapier            |       |     7 |    37 |    18 ||    62
       Bite              |       |       |     4 |     3 ||     7
 Fire: Triple crossbow   |       |     2 |       |       ||     2
 Cast: Magic Dart        |    40 |    55 |    86 |    10 ||   191
       Searing Ray       |     2 |     8 |    10 |     9 ||    29
       Iskenderun's Batt |       |     4 |    13 |     1 ||    18
       Iskenderun's Myst |       |       |     5 |    14 ||    19
  Use: Scroll            |       |     7 |     8 |     2 ||    17
 Stab: Sleeping          |     1 |     4 |     2 |     3 ||    10
Armor: Robe              |     2 |     2 |    15 |     6 ||    25
Dodge: Dodged            |     7 |    12 |    42 |    40 ||   101

Table legend: (Time is in decaauts)
 A = Elapsed time spent in this place.
 B = Non-inter-level travel time spent in this place.
 C = Inter-level travel time spent in this place.
 D = Time resting spent in this place.
 E = Time spent auto-exploring this place.
 F = Levels seen in this place.
 G = Mean time per level.
                   A        B        C        D        E       F      G
               +--------+--------+--------+--------+--------+-----+--------+
         Total |  11784 |  11324 |    460 |    860 |   9311 |  10 | 1178.4 |
       Dungeon |  11707 |  11270 |    437 |    860 |   9258 |   9 | 1300.8 |
        Temple |     76 |     53 |     23 |      0 |     52 |   1 |   76.0 |
               +--------+--------+--------+--------+--------+-----+--------+

Top non-repeatable levels by time:
     D:9: 1632 daAuts
     D:8: 1628 daAuts
     D:4: 1547 daAuts
     D:3: 1499 daAuts
     D:2: 1437 daAuts
     D:1: 1094 daAuts
     D:6: 1072 daAuts
     D:5: 918 daAuts
     D:7: 877 daAuts
  Temple: 76 daAuts
